Map: Cosmic Sapphire

Players

Rhizer

  • Race: Protoss Protoss
  • Spawn Location: 11:00

DnS - Winner!

  • Race: Protoss Protoss
  • Spawn Location: 5:00

Event: DreamHack SC2 Masters 2022 Atlanta (Offline)

VOD

Have the link to the VOD?

Description

Time

  • Played on: Nov. 18, 2022, 2:39 p.m.
  • Length: 14:34

All games in this series

Show
View Real Time Build Order
Export as new Build Order

Rhizer Protoss 

Build Orders: Oracle Opening 

Get SALT Encoding   

  12  0:00  Probe  
  13  0:12  Probe  
  14  0:18  Pylon  
  14  0:24  Probe (Chrono Boost)  
  15  0:36  Probe (Chrono Boost)  
  15  0:37  Gateway  
  16  0:45  Probe (Chrono Boost)  
  16  0:47  Assimilator  
  17  0:51  Probe  
  17  0:55  Assimilator  
  18  1:03  Probe (Chrono Boost)  
  19  1:08  Gateway  
  19  1:15  Probe (Chrono Boost)  
  20  1:20  Probe (Chrono Boost)  
  21  1:25  Cybernetics Core  
  21  1:29  Probe  
  22  1:37  Pylon  
  22  1:41  Probe  
  23  1:55  Probe  
  24  2:02  Stalker x2  
  24  2:04  Warp Gate  
  28  2:11  Pylon  
  28  2:22  Stargate  
  28  2:24  Probe  
  29  2:32  Stalker  
  31  2:41  Stalker  
  33  2:48  Probe  
  34  3:05  Pylon  
  34  3:06  Oracle (Chrono Boost)  
  36  3:19  Probe  
  34  3:31  Probe  
  35  3:40  Nexus  
  35  3:44  Probe  
  36  3:54  Twilight Council  
  36  3:58  Probe  
  40  4:12  Probe  
  41  4:24  Probe  
  42  4:32  Dark Shrine  
  42  4:36  Probe, Stalker x2  
  44  4:42  Blink (Chrono Boost)  
  44  4:43  Shield Battery  
  44  4:49  Probe  
  45  4:53  Probe  
  46  5:01  Probe  
  46  5:05  Probe  
  48  5:10  Pylon  
  48  5:13  Gateway, Probe  
  49  5:17  Probe  
  50  5:26  Probe  
  50  5:27  Stalker  
  50  5:28  Stalker  
  55  5:29  Probe  
  56  5:38  Probe, Pylon  
  56  5:42  Probe  
  58  5:47  Assimilator  
  58  5:48  Pylon  
  58  5:50  Probe  
  58  5:54  Probe  
  58  5:57  Dark Templar x2  
  62  6:02  Probe  
  65  6:06  Probe  
  65  6:14  Probe  
  64  6:18  Nexus  
  64  6:22  Probe  
  62  6:28  Stalker  
  62  6:32  Probe  
  63  6:34  Probe  
  58  6:40  Stalker  
  58  6:44  Probe, Gateway  
  58  6:45  Shield Battery  
  58  6:46  Shield Battery, Probe  
  61  6:54  Dark Templar  
  61  6:56  Probe  
  64  7:02  Shield Battery, Stalker  
  64  7:06  Stalker  
  67  7:15  Probe x2  
  69  7:19  Shield Battery  
  65  7:27  Stalker x2  
  62  7:33  Stalker  
  62  7:34  Probe x2  
  56  7:41  Stalker  
  56  7:46  Probe x2  
  54  7:51  Stalker  
  54  7:52  Stalker  
  54  7:56  Probe  
  54  7:58  Probe, Stalker  
  60  7:59  Probe  
  60  8:04  Dark Templar  
  63  8:09  Gateway  
  63  8:14  Gateway  
  63  8:15  Stalker  
  63  8:19  Stalker  
  67  8:21  Probe  
  67  8:25  Charge (Chrono Boost)  
  67  8:26  Probe  
  69  8:27  Probe  
  70  8:36  Stalker  
  70  8:40  Stalker x2  
  72  8:42  Zealot  
  72  8:43  Pylon  
  72  8:45  Probe  
  75  8:50  Gateway  
  75  8:54  Shield Battery  
  75  9:03  Stalker x2  
  75  9:04  Stalker  
  75  9:08  Zealot, Stalker  
  83  9:12  Probe x2  
  83  9:15  Adept  
  86  9:20  Probe  
  83  9:24  Probe x2  
  83  9:27  Stalker x2  
  88  9:31  Zealot x2  
  88  9:36  Probe  
  88  9:37  Probe  
  94  9:42  Gateway  
  92  9:51  Stalker x2  
  92  9:52  Zealot x2  
  100  9:56  Pylon  
  100  9:58  Pylon  
  100  10:00  Pylon  
  100  10:09  Forge  
  100  10:14  Dark Templar  
  100  10:16  Stalker  
  100  10:17  Zealot x2, Stalker  
  100  10:19  Probe  
  112  10:26  Stalker, Pylon  
  113  10:33  Pylon  
  113  10:42  Zealot x5  
  121  10:52  Protoss Ground Weapons Level 1 (Chrono Boost)  
  101  10:57  Stalker x3  
  101  11:00  Probe  
  101  11:01  Probe  
  105  11:04  Zealot x3  
  105  11:10  Zealot x2  
  107  11:17  Probe x2  
  107  11:18  Nexus  
  103  11:26  Shadow Stride (Chrono Boost)  
  103  11:27  Probe  
  103  11:32  Zealot x6  
  110  11:40  Dark Templar  
  110  11:41  Dark Templar  
  110  11:43  Probe x3  
  117  11:48  Pylon  
  93  12:02  Zealot x5  
  95  12:09  Stalker  
  97  12:16  Probe  
  97  12:17  Gateway  
  97  12:20  Gateway, Probe  
  99  12:23  Robotics Facility  
  99  12:26  Dark Templar x2  
  103  12:32  Zealot x2  
  103  12:33  Zealot x2  
  111  12:38  Assimilator  
  111  12:40  Assimilator  
  111  12:46  Probe  
  111  12:48  Zealot x2  
  116  12:52  Probe  
  113  13:00  Stalker x2  
  113  13:01  Zealot x3, Stalker  
  113  13:05  Gateway  
  115  13:11  Photon Cannon  
  113  13:13  Observer (Chrono Boost)  
  113  13:14  Photon Cannon  
  114  13:30  Probe  
  113  13:36  Stalker x2  
  113  13:37  Stalker x5  
  123  13:46  Photon Cannon  
  123  13:52  Warp Prism (Chrono Boost), Stalker x2  
  127  14:03  Dark Templar  
  127  14:04  Dark Templar  
  127  14:06  Zealot  
  127  14:07  Dark Templar  
  127  14:08  Zealot  
  137  14:15  Zealot  
  119  14:17  Dark Templar  
  119  14:18  Zealot  
  113  14:25  Zealot x2  
  113  14:26  Zealot  
Show
View Real Time Build Order
Export as new Build Order

DnS Protoss - Winner!

Build Orders: Phoenix Opening 

Get SALT Encoding   

  12  0:00  Probe  
  13  0:12  Probe  
  14  0:17  Pylon  
  14  0:24  Probe (Chrono Boost)  
  15  0:36  Gateway, Probe (Chrono Boost)  
  16  0:44  Probe (Chrono Boost)  
  16  0:46  Assimilator  
  17  0:51  Probe  
  17  0:56  Assimilator  
  18  1:03  Probe (Chrono Boost)  
  19  1:08  Gateway  
  19  1:12  Probe (Chrono Boost)  
  19  1:17  Probe (Chrono Boost)  
  20  1:25  Cybernetics Core  
  21  1:29  Probe  
  22  1:35  Pylon  
  22  1:41  Probe  
  23  1:53  Probe  
  24  2:02  Adept, Sentry  
  24  2:03  Warp Gate  
  24  2:06  Probe  
  29  2:11  Pylon  
  29  2:24  Pylon  
  29  2:27  Stargate  
  29  2:33  Stalker  
  31  2:43  Stalker  
  33  3:06  Nexus  
  33  3:17  Phoenix (Chrono Boost)  
  35  3:22  Probe  
  34  3:30  Pylon  
  34  3:34  Phoenix, Probe  
  37  3:46  Twilight Council  
  37  3:47  Probe  
  38  3:54  Stalker  
  40  4:02  Stalker  
  42  4:04  Probe  
  43  4:18  Stalker  
  45  4:26  Stalker  
  45  4:27  Probe (Chrono Boost)  
  45  4:28  Probe (Chrono Boost)  
  49  4:37  Blink (Chrono Boost)  
  49  4:39  Probe (Chrono Boost)  
  49  4:41  Probe (Chrono Boost)  
  51  4:49  Shield Battery, Probe x2 (Chrono Boost)  
  53  4:54  Probe x2 (Chrono Boost)  
  55  5:00  Stalker  
  55  5:03  Pylon  
  55  5:06  Stalker  
  59  5:10  Probe x2  
  61  5:20  Robotics Facility  
  58  5:22  Probe, Assimilator  
  58  5:25  Probe  
  60  5:34  Probe  
  61  5:37  Probe  
  62  5:46  Probe  
  62  5:49  Probe  
  64  5:50  Stalker x2  
  64  5:52  Pylon  
  68  5:57  Nexus  
  68  6:07  Observer (Chrono Boost)  
  69  6:13  Stalker x2  
  72  6:18  Probe  
  72  6:23  Probe  
  70  6:26  Pylon  
  63  6:37  Probe  
  61  6:40  Stalker x2  
  61  6:43  Probe  
  66  6:49  Probe (Chrono Boost)  
  67  6:55  Probe (Chrono Boost)  
  69  7:01  Probe (Chrono Boost)  
  69  7:03  Stalker x2  
  69  7:06  Probe (Chrono Boost)  
  69  7:07  Nexus  
  69  7:08  Observer  
  75  7:09  Probe (Chrono Boost)  
  75  7:11  Probe (Chrono Boost)  
  75  7:15  Probe, Pylon  
  78  7:26  Stalker x2  
  64  7:46  Probe  
  64  7:48  Pylon  
  61  7:57  Probe (Chrono Boost), Stalker x2  
  62  7:59  Probe (Chrono Boost)  
  63  8:07  Gateway, Forge  
  63  8:09  Probe (Chrono Boost)  
  63  8:12  Probe (Chrono Boost)  
  65  8:14  Probe (Chrono Boost)  
  65  8:16  Probe (Chrono Boost)  
  68  8:20  Probe (Chrono Boost)  
  68  8:21  Adept x2  
  68  8:25  Probe (Chrono Boost)  
  73  8:28  Probe (Chrono Boost)  
  74  8:37  Probe (Chrono Boost)  
  74  8:38  Probe (Chrono Boost)  
  74  8:40  Probe (Chrono Boost)  
  75  8:43  Probe (Chrono Boost), Stalker  
  75  8:44  Protoss Ground Weapons Level 1, Probe (Chrono Boost), Stalker  
  81  8:48  Probe (Chrono Boost)  
  81  8:52  Charge (Chrono Boost)  
  81  8:58  Probe (Chrono Boost)  
  81  9:01  Probe (Chrono Boost)  
  84  9:04  Probe (Chrono Boost)  
  84  9:08  Probe (Chrono Boost)  
  85  9:13  Probe x2 (Chrono Boost)  
  85  9:14  Gateway  
  85  9:16  Probe, Gateway  
  87  9:19  Gateway  
  87  9:21  Stalker x2  
  92  9:24  Probe  
  92  9:28  Probe  
  89  9:32  Observer, Photon Cannon  
  89  9:36  Probe  
  89  9:37  Shield Battery  
  89  9:44  Probe  
  87  9:46  Observer  
  87  9:49  Stalker  
  87  9:50  Stalker x2  
  93  9:53  Probe  
  93  9:54  Probe  
  95  10:04  Shield Battery  
  95  10:09  Stalker  
  95  10:11  Probe  
  95  10:12  Probe  
  95  10:13  Stalker x2  
  103  10:19  Stalker  
  103  10:20  Stalker  
  107  10:24  Pylon  
  107  10:26  Pylon  
  105  10:37  Stalker x2  
  110  10:42  Probe  
  110  10:44  Stalker x4  
  111  11:01  Nexus, Probe  
  111  11:03  Probe x2  
  104  11:16  Stalker x6  
  114  11:20  Dark Shrine  
  112  11:32  Probe x2  
  110  11:34  Probe  
  110  11:36  Assimilator  
  111  11:41  Stalker  
  111  11:42  Stalker x3  
  111  11:43  Zealot x2  
  117  12:06  Stalker x2  
  117  12:07  Stalker x2  
  120  12:12  Stalker x2  
  120  12:13  Probe  
  125  12:15  Probe  
  125  12:16  Probe  
  125  12:18  Gateway x2  
  127  12:29  Probe x2  
  130  12:30  Probe  
  130  12:34  Pylon  
  130  12:35  Pylon x2  
  130  12:37  Dark Templar  
  130  12:43  Photon Cannon  
  132  12:48  Pylon  
  132  12:52  Probe x2  
  132  12:53  Probe  
  133  13:01  Stalker  
  133  13:02  Stalker x4  
  141  13:06  Photon Cannon  
  141  13:08  Probe x3  
  141  13:09  Shield Battery, Probe  
  145  13:20  Probe  
  145  13:23  Stalker x3  
  147  13:41  Probe x3  
  147  13:42  Photon Cannon  
  147  13:45  Photon Cannon  
  147  13:46  Stalker x6  
  147  13:47  Stalker  
  147  13:48  Probe  
  162  13:53  Probe  
  161  14:01  Gateway x2  
  161  14:03  Probe, Pylon  
  161  14:04  Observer, Probe  
  161  14:06  Assimilator  
  161  14:07  Assimilator  
  161  14:08  Robotics Bay  
  162  14:22  Stalker x4  
  164  14:27  Zealot x2  
  164  14:28  Zealot x2  
Tags
 
Add a new tag
Caveats
  • Supply blocks, unpowered buildings, or Contaminate may cause inaccurate times.
  • Supply counts are checked every 10 seconds.